 Dungeon Crawl Stone Soup version 0.29.1-12-g30fa7ad0bf (webtiles) character file.

Game seed: 1783227816090896438

2758 DemonSlayer the Magician (level 9, 0/62 HPs)
             Began as a Demonspawn Earth Elementalist on Jan 1, 2023.
             Slain by a yak (5 damage)
             ... on level 9 of the Dungeon.
             The game lasted 00:21:42 (12405 turns).

DemonSlayer the Magician (DsEE)                    Turns: 12405, Time: 00:21:42

Health: 0/62       AC:  8    Str: 10    XL:     9   Next: 41%
Magic:  9/20       EV: 13    Int: 20    God:
Gold:   384        SH:  0    Dex: 13    Spells: 1/22 levels left

rFire   + + .      SeeInvis +   d - +7 quarterstaff "Worm" {freeze, rF++ rCorr}
rCold   . . .      Faith    .   (shield currently unavailable)
rNeg    . . .      Spirit   .   m - +2 robe {Will+}
rPois   .          Reflect  .   p - +0 hat
rElec   .          Harm     .   y - +1 cloak
rCorr   +          Rampage  .   (no gloves)
Will    +....                   (no boots)
Stlth   +.........              (no amulet)
HPRegen 0.20/turn               i - ring of see invisible
MPRegen 0.17/turn               (no ring)

@: mighty, studying Poison Magic, invisible, very slow
A: claws 2, icy blue scales 1, powered by pain 1
a: no special abilities


You were on level 9 of the Dungeon.
You visited 2 branches of the dungeon, and saw 11 of its levels.
You also visited: Ossuary.

You collected 384 gold pieces.

Inventory:

Hand Weapons
 d - the +7 quarterstaff "Worm" (weapon) {freeze, rF++ rCorr}
   (You found it on level 4 of the Dungeon)

   It freezes those it strikes, dealing additional cold damage.
   It can also slow down cold-blooded creatures.
   rF:        It greatly protects you from fire.
   rCorr:     It protects you from acid and corrosion.
Missiles
 w - 2 throwing nets
Armour
 k - a +1 scale mail of cold resistance
 m - a +2 robe of willpower (worn)
 p - a +0 hat (worn)
 t - a +2 ring mail of positive energy
 y - a +1 cloak (worn)
Jewellery
 i - a ring of see invisible (left claw)
 r - a ring of fire
Wands
 h - a wand of quicksilver (7)
 s - a wand of charming (7)
Scrolls
 a - 2 scrolls of magic mapping
 f - 2 scrolls of vulnerability
 g - 2 scrolls of amnesia
 j - 2 scrolls of teleportation
 n - a scroll of poison
 o - a scroll of fear
 u - a scroll of enchant armour
 v - a scroll of blinking {unknown}
Potions
 b - 3 potions of curing
 c - a potion of mutation {unknown}
 l - a potion of lignification {unknown}
 q - 3 potions of attraction
 z - 2 potions of haste {unknown}


   Skills:
 + Level 2.6 Fighting
 + Level 1.0(2.4) Maces & Flails
 + Level 3.4(3.5) Staves
 + Level 0.3 Armour
 + Level 3.4 Dodging
 + Level 3.4 Stealth
 + Level 7.3 Spellcasting
 + Level 3.8 Conjurations
 + Level 0.8 Transmutations
 + Level 6.5 Earth Magic


You had one spell level left.
You knew the following spells:

 Your Spells              Type           Power      Damage    Failure   Level
a - Sandblast             Erth           66%        2d15      1%          1
b - Passwall              Tmut/Erth      18%        N/A       3%          2
c - Stone Arrow           Conj/Erth      56%        3d10      3%          3
d - Ignite Poison         Fire/Tmut/Pois 8%         N/A       24%         3
e - Mephitic Cloud        Conj/Pois/Air  12%        N/A       16%         3
f - Fulminant Prism       Conj/Hex       7%         3d7       38%         4
g - Freezing Cloud        Conj/Ice/Air   6%         6-21      83%         5

Your spell library contained the following spells:

 Spells                   Type           Power      Damage    Failure   Level
 Magic Dart               Conj           88%        1d7       1%          1
 Searing Ray              Conj           44%        2d6       2%          2
 Petrify                  Tmut/Erth      22%        N/A       21%         4
 Leda's Liquefaction      Hex/Erth       10%        N/A       24%         4
 Call Canine Familiar     Summ           7%         N/A       26%         3
 Frozen Ramparts          Ice            14%        1d3       26%         3
 Portal Projectile        Hex/Tloc       14%        N/A       26%         3
 Ice Form                 Ice/Tmut       9%         N/A       58%         4
 Summon Ice Beast         Ice/Summ       7%         N/A       65%         4
 Summon Mana Viper        Hex/Summ       7%         N/A       94%         5
 Monstrous Menagerie      Summ           3%         N/A       100%        7


Dungeon Overview and Level Annotations

Branches:
Dungeon (10/15)            Temple (1/1) D:5         Ossuary (visited)
   Lair: D:8-11         Orc: D:9-12

Altars:
Ashenzari
Cheibriados
Fedhas
Gozag
Hepliaklqana
Makhleb
Nemelex Xobeh
Okawaru
Qazlal
Ru
Sif Muna
Trog
Uskayaw
Vehumet
Wu Jian
Xom
Yredelemnul

Shops:
D:2 [

Annotations:
D:8 Joseph


Innate Abilities, Weirdness & Mutations

You have very sharp fingernails.
You are partially covered in icy blue scales. (AC +2)
You sometimes gain a little power by taking damage.


Message History

The orc looks frightened!
The yak looks frightened! x2
As you read the scroll of teleportation, it crumbles to dust.
You feel strangely unstable.
You closely miss the orc.
There is a stone staircase leading up here.
You stop ascending the stairs.
Your surroundings suddenly seem different.
You open the door.
A worm comes into view.
Found a snail-covered altar of Cheibriados.
There is an open door here.
You enter the shallow water.
Moving in this stuff is going to be slow.
The yak gores you. The yak attacks as you move away!
The yak closely misses you. The yak gores you.
The yak attacks as you move away! The yak gores you. The yak gores you!
* * * LOW HITPOINT WARNING * * *
The yak gores you but does no damage.
The yak bellows!
You sock the yak! You freeze the yak.
The yak is moderately wounded.
The yak gores you but does no damage.
Your unstable footing causes you to fumble your attack.
You fade into invisibility!
The yak gores you.
* * * LOW HITPOINT WARNING * * *
You barely miss the yak.
The yak is moderately wounded.
The yak barely misses you. The yak gores you but does no damage.
You sock the yak! You freeze the yak.
The yak is heavily wounded.
The yak gores you.
* * * LOW HITPOINT WARNING * * *
The yak gores you but does no damage.
You thump the yak! You freeze the yak.
The yak is almost dead.
The yak gores you.
You die...

## #####.. ....>.
#⌠~~###~~⌠#.. ..)..
#~~~~~~~~~#.. ....
#~#@Y~#.# ...######
#~##.##Y##.##...##...##
#~#._w#Y#...#....#....#
##~##.##~##..#....+..>.#
#~~~###~~~#..'....#....#
#~~~~~~~~~#.##...##Y..##
#⌠~~#'#~~⌠#.#######..†##
..#####.#####............#
.............Y...........+


You could see 3 yaks.

Vanquished Creatures
  A wyvern (D:4)
  A water moccasin (D:6)
  2 ice beasts
  An orc warrior (D:10)
  A black bear (D:6)
  4 ogres
  2 centaurs
  A phantom (D:5)
  A bullfrog (D:7)
  A gnoll sergeant (D:7)
  6 scorpions
  3 killer bees (D:9)
  2 howler monkeys (D:5)
  2 hounds (D:6)
  2 jellies (D:5)
  6 orc priests
  Jessica (D:3)
  8 orc wizards
  Ijyb (D:5)
  2 mummies
  3 gnolls (D:7)
  10 adders
  A shadow imp (D:5)
  3 white imps
  An ufetubus (D:5)
  A worm (D:2)
  29 orcs
  2 spectral bats (Ossuary)
  4 endoplasms
  4 giant cockroaches
  12 gnoll zombies (Ossuary)
  12 goblins
  8 hobgoblins
  4 kobolds
  8 quokkas
  5 ball pythons
  3 bats
  3 bat simulacra (Ossuary)
  A frilled lizard (D:2)
  6 goblin simulacra (Ossuary)
  5 goblin zombies
  6 hobgoblin zombies
  4 kobold simulacra (Ossuary)
  4 kobold zombies (Ossuary)
  7 orc zombies
  4 rats
  5 rat simulacra (Ossuary)
  A spectral goblin (Ossuary)
  2 spectral kobolds (Ossuary)
  5 spectral rats (Ossuary)
211 creatures vanquished.

Vanquished Creatures (others)
  A plant (D:1)
1 creature vanquished.

Grand Total: 212 creatures vanquished

Notes
Turn   | Place    | Note
-------+----------+-------------------------------------------
     0 | D:1      | DemonSlayer the Demonspawn Earth Elementalist began the
                  | quest for the Orb.
     0 | D:1      | Reached XP level 1. HP: 13/13 MP: 3/3
   300 | D:1      | Gained mutation: You have sharp fingernails. [demonic
                  | ancestry]
   300 | D:1      | Reached XP level 2. HP: 19/19 MP: 3/5
   303 | D:1      | Learned a level 2 spell: Passwall
   347 | D:1      | Found a faded altar of an unknown god.
  1453 | D:2      | Gained mutation: You have very sharp fingernails. [demonic
                  | ancestry]
  1453 | D:2      | Reached XP level 3. HP: 24/24 MP: 4/6
  1703 | D:2      | Reached skill level 3 in Spellcasting
  2147 | D:2      | Found Eceiq's Antique Armour Boutique.
  2421 | D:2      | Learned a level 3 spell: Stone Arrow
  2481 | D:3      | Gained mutation: You are partially covered in icy blue
                  | scales. (AC +2) [demonic ancestry]
  2481 | D:3      | Reached XP level 4. HP: 30/30 MP: 4/8
  2565 | D:3      | Noticed Jessica
  2568 | D:3      | Killed Jessica
  2790 | D:3      | Reached skill level 4 in Spellcasting
  2790 | D:3      | Reached XP level 5. HP: 35/35 MP: 5/11
  2869 | D:3      | Found a burning altar of Makhleb.
  2871 | D:3      | Found the +2 ratskin cloak {*Rats rPois rN+ Str-1 Int-1
                  | Dex+1}
  3415 | D:3      | Learned a level 3 spell: Ignite Poison
  3419 | D:3      | Learned a level 3 spell: Mephitic Cloud
  3547 | D:4      | Found a blossoming altar of Fedhas.
  3560 | D:4      | Noticed a wyvern
  3793 | D:4      | Found a sand-covered staircase.
  3842 | Ossuary  | Entered an ossuary
  4938 | D:4      | Reached XP level 6. HP: 19/41 MP: 4/12
  5831 | D:4      | Killed a wyvern
  5832 | D:4      | Reached skill level 5 in Spellcasting
  5832 | D:4      | Reached XP level 7. HP: 47/47 MP: 2/14
  6137 | D:4      | Identified the +7 quarterstaff "Worm" {freeze, rF++ rCorr}
  6296 | D:4      | Reached skill level 5 in Earth Magic
  6297 | D:4      | Reached skill level 1 in Maces & Flails
  6509 | D:3      | Learned a level 4 spell: Fulminant Prism
  6791 | D:5      | Entered Level 5 of the Dungeon
  6798 | D:5      | Reached skill level 1 in Fighting
  6832 | D:5      | Found a staircase to the Ecumenical Temple.
  6962 | Temple   | Entered the Ecumenical Temple
  7268 | D:5      | Noticed Ijyb
  7275 | D:5      | Killed Ijyb
  7597 | D:5      | Reached skill level 1 in Staves
  7597 | D:5      | Reached skill level 1 in Conjurations
  7857 | D:5      | Reached skill level 6 in Spellcasting
  7857 | D:5      | Gained mutation: You sometimes gain a little power by
                  | taking damage. [demonic ancestry]
  7857 | D:5      | Reached XP level 8. HP: 50/54 MP: 3/17
  8735 | D:5      | Found a bloodstained altar of Trog.
  9996 | D:6      | Reached XP level 9. HP: 61/61 MP: 15/19
 11096 | D:6      | Learned a level 5 spell: Freezing Cloud
 11226 | D:7      | Found a shimmering altar of Xom.
 11248 | D:7      | Reached skill level 7 in Spellcasting
 11960 | D:7      | You fall into a shaft and drop 3 floors!
 11960 | D:10     | Entered Level 10 of the Dungeon
 12361 | D:8      | Noticed Joseph
 12388 | D:9      | Found a snail-covered altar of Cheibriados.
 12405 | D:9      | Slain by a yak

Illustrated notes

Levels and vault maps discovered:
D:1:      co_arrival_square_in_a_square_in_a_square, layout_rooms,
          shapermc_ecumenical_altar_acropolis, serial_forest,
          infiniplex_forest_zigzag_1, infiniplex_forest_clump_small,
          infiniplex_forest_split, infiniplex_forest_split,
          infiniplex_forest_lined_ring
D:2:      layout_basic, serial_shops, nicolae_shop_behind_doors
D:3:      layout_loops_cross, mainiacjoe_overflow_surrounded_room,
          serial_rivers, chequers_serial_rivers_micro_e,
          chequers_serial_rivers_micro_c, chequers_serial_rivers_marsh,
          chequers_serial_rivers_small_3, chequers_serial_rivers_marsh,
          chequers_serial_rivers_room_b, kennysheep_generic_room_6, uniq_jessica
D:4:      layout_gridville, overflow_temple_1_default,
          nicolae_ossuary_entry_giza
D:5:      minmay_evil_eye, layout_gridville, trog_hazing_becter,
          minmay_temple_entry_trees, kennysheep_minor_cross,
          minmay_misc_feat_room, uniq_ijyb
D:6:      layout_basic
D:7:      layout_layer_cave, nicolae_overflow_hidden_temple, serial_shops,
          kennysheep_mini_moat
D:8:      layout_rooms, tso_altar, enter_bailey_2, uniq_joseph
D:9:      layout_gridville, jmf_multi_god_temple, cheibrodos_worm_habitat,
          david_lair_generic, zombieorc1_lemuel,
          gammafunk_ghost_wrathful_warriors, nicolae_shop_sticking_my_neck_out
D:10:     layout_loops_corners, zin_statuary, nzn_life_drinkers, uniq_grum,
          uniq_amaemon
Temple:   nicolae_temple_bog_church

Skill      XL: |  1  2  3  4  5  6  7  8  9 |
---------------+----------------------------+-----
Stealth        | 2 3 |  3.4
Earth Magic    | 3 4 5 6 |  6.5
Dodging        | 2 3 |  3.4
Spellcasting   | 3 4 5 6 7 |  7.3
Maces & Flails | 1 |  1.0
Fighting       | 1 2 |  2.6
Staves         | 1 2 3 |  3.4
Conjurations   | 1 3 |  3.8
Armour         | |  0.3
Transmutations | |  0.8

Action                   |  1- 3 |  4- 6 |  7- 9 || total
-------------------------+-------+-------+-------++-------
Melee: Mace              |    32 |    17 |    15 ||    64
       Punch             |     1 |       |       ||     1
       Quarterstaff      |       |       |    70 ||    70
 Cast: Sandblast         |    59 |   141 |    13 ||   213
       Stone Arrow       |       |     3 |   106 ||   109
  Use: Scroll            |     6 |     9 |     4 ||    19
       Potion            |     1 |     4 |     7 ||    12
 Stab: Invisible         |       |     1 |       ||     1
Armor: Robe              |    10 |    30 |    49 ||    89
       Scale mail        |       |       |     7 ||     7
Dodge: Dodged            |    29 |    77 |   108 ||   214
